 Dungeon Crawl Stone Soup version 0.30.1-11-g7821555f0a (webtiles) character file.

Game seed: 7112385031216540353

452 Peloso the Covered (level 6, -4/56 HPs)
             Began as a Minotaur Fighter on Dec 16, 2023.
             Killed by divine providence
             ... invoked by an orc priest
              (15 damage)
             ... on level 3 of the Dungeon.
             The game lasted 00:04:05 (2645 turns).

Peloso the Covered (Minotaur Fighter)               Turns: 2645, Time: 00:04:05

Health: -4/56      AC:  8    Str: 21    XL:     6   Next: 75%
Magic:  5/5        EV: 10    Int:  5    God:
Gold:   190        SH:  0    Dex: 11    Spells: 5/5 levels left

rFire   . . .        a - +0 long sword
rCold   . . .        d - +0 buckler
rNeg    . . .        b - +0 scale mail
rPois   .            (helmet restricted)
rElec   .            (no cloak)
rCorr   .            (no gloves)
SInv    .            c - +0 pair of boots
Will    .....        (no amulet) Stlth
                     (no ring)
HPRegen 0.29/turn    (no ring)
MPRegen 0.09/turn

%: no passive effects
@: confused, ambrosia-drunk
A: horns 2, retaliatory headbutt
a: no special abilities


You were on level 3 of the Dungeon.
You visited 1 branch of the dungeon, and saw 3 of its levels.

You collected 190 gold pieces.

Inventory:

Hand Weapons
 a - a +0 long sword (weapon)
Armour
 b - a +0 scale mail (worn)
 c - a +0 pair of boots (worn)
 d - a +0 buckler (worn)
Wands
 q - a wand of flame (12)
Scrolls
 f - a scroll of blinking {unknown}
 h - a scroll of magic mapping {unknown}
 i - 5 scrolls of identify {unknown}
 k - 3 scrolls of teleportation {unknown}
 o - 2 scrolls of noise {unknown}
Potions
 e - a potion of heal wounds {unknown}
 g - a potion of ambrosia
 j - 2 potions of flight {unknown}
 m - 2 potions of brilliance {unknown}
 n - 2 potions of lignification {unknown}
 p - a potion of curing {unknown}
 r - 2 potions of cancellation {unknown}


   Skills:
 + Level 5.2 Fighting
 + Level 5.4 Long Blades
 + Level 5.4 Armour
 + Level 1.9 Dodging
 + Level 0.5 Stealth
 + Level 4.6 Shields


You had 5 spell levels left.
You didn't know any spells.
Your spell library contained the following spells:

 Spells                   Type           Power      Damage    Failure   Level
 Sandblast                Erth           0%         2d4       86%         1
 Passwall                 Tmut/Erth      0%         N/A       94%         2
 Stone Arrow              Conj/Erth      0%         3d7       99%         3


Dungeon Overview and Level Annotations

Branches:
Dungeon (3/15)

Altars:
Dithmenos
Vehumet
Wu Jian
Yredelemnul

Shops:
D:1 !

Annotations:
D:2 1 runed translucent door, Crazy Yiuf


Innate Abilities, Weirdness & Mutations

You have a pair of horns on your head.
You reflexively headbutt those who attack you in melee.


Message History

You slash the adder!
You kill the adder!
You hear some strange, mumbled words.
You are confused.
You hear some strange, mumbled words.
You are more confused.
You see here an adder corpse.
You bump into the rock wall.
Unknown command.
You're too confused to move!
The orc priest calls down the wrath of Beogh upon you.
Beogh smites you!
You hit the orc. Your headbutt misses the orc.
The orc is almost dead.
The orc barely misses you.
You bump into the rock wall.
The orc barely misses you.
You hit the orc but do no damage.
The orc is almost dead.
The orc hits you with a +0 mace.
You're too confused to move!
The orc barely misses you.
You hit the orc but do no damage. You headbutt the orc.
You kill the orc!
You're too confused to move!
You feel less confused. Something hits you but does no damage.
You miss something. You headbutt something!
The orc priest calls down the wrath of Beogh upon you.
Beogh smites you!
* * * LOW HITPOINT WARNING * * *
Something hits you but does no damage.
You hear some strange, mumbled words.
A magic dart appears from out of thin air!
The magic dart hits you but does no damage.
The orc priest looks braver for a moment.
It was a potion of ambrosia.
You are confused.
You feel invigorated.
The orc priest calls down the wrath of Beogh upon you.
Beogh smites you!
You die...

......).....#.#####.#.#
#.# ..##.######.#.# #...#
#.#### ## #....#
####.#.######..# #..... ..
####.#
#..............###..# #.
#.# #.#.................#
#.#
....#######.###)##.#####.
#.# #.#.# #.# #..))......
#.#
##.#.#######.###.#########
#.....oo{@......##
#..#.############ #..#.#
...o#.# ..###.... ## .....
####.# .#


You could see an orc priest and an orc.

Vanquished Creatures
  Sigmund (D:3)
  An orc priest (D:3)
  Jessica (D:2)
  An iguana (D:3)
  4 adders (D:3)
  8 gnolls (D:3)
  2 adder zombies (D:3)
  2 worms
  A dart slug (D:3)
  4 orcs (D:3)
  5 bats
  13 endoplasms
  2 giant cockroaches (D:3)
  6 goblins
  9 hobgoblins
  5 jackals
  2 kobolds (D:1)
  2 quokkas (D:1)
  2 ball pythons
  4 frilled lizards
  A quokka zombie (D:3)
  5 rats
81 creatures vanquished.

Notes
Turn   | Place    | Note
-------+----------+-------------------------------------------
     0 | D:1      | Peloso the Minotaur Fighter began the quest for the Orb.
     0 | D:1      | Reached XP level 1. HP: 19/19 MP: 0/0
    93 | D:1      | Reached XP level 2. HP: 24/27 MP: 1/1
   322 | D:1      | Found Yghoodd's Distillery.
   633 | D:1      | Reached XP level 3. HP: 28/33 MP: 2/2
   693 | D:1      | Found a faded altar of an unknown god.
  1403 | D:2      | Noticed Jessica
  1410 | D:2      | Killed Jessica
  1411 | D:2      | Reached XP level 4. HP: 17/40 MP: 3/3
  1601 | D:2      | Found a runed translucent door.
  1602 | D:2      | Noticed Crazy Yiuf
  1936 | D:3      | Found a radiant altar of Vehumet.
  2065 | D:3      | Found a basalt altar of Yredelemnul.
  2126 | D:3      | Reached skill level 1 in Dodging
  2131 | D:3      | Reached XP level 5. HP: 36/47 MP: 4/4
  2273 | D:3      | Noticed Sigmund
  2280 | D:3      | Killed Sigmund
  2281 | D:3      | Reached skill level 5 in Long Blades
  2281 | D:3      | Reached skill level 5 in Armour
  2281 | D:3      | Reached XP level 6. HP: 47/55 MP: 5/5
  2402 | D:3      | Found an ornate altar of the Wu Jian Council.
  2416 | D:3      | Found a shadowy altar of Dithmenos.
  2510 | D:3      | Reached skill level 5 in Fighting
  2645 | D:3      | Killed from afar by an orc priest

Illustrated notes

Levels and vault maps discovered:
D:1:      dpeg_arrival_line_fractal, layout_basic, serial_shops, shop,
          hellmonk_ecumenical_altar_heavens_door, hangedman_decor_points,
          minmay_fountain_box
D:2:      layout_loops_cross, uniq_jessica, uniq_crazy_yiuf_cottage
D:3:      layout_loops_ring, nicolae_yredelemnul_corpse_copse,
          mainiacjoe_overflow_boulevard, jmf_multi_god_temple, uniq_sigmund

Skill      XL: |  1  2  3  4  5  6 |
---------------+-------------------+-----
Shields        | 4 |  4.6
Fighting       | 4 5 |  5.2
Armour         | 4 5 |  5.4
Long Blades    | 3 5 |  5.4
Dodging        | 1 |  1.9
Stealth        | |  0.5

Action                     |  1- 3 |  4- 6 || total
---------------------------+-------+-------++-------
  Melee: Long sword        |    77 |   118 ||   195
         Headbutt          |    12 |    23 ||    35
    Use: Potion            |       |     2 ||     2
 Armour: Scale mail        |    36 |    52 ||    88
  Dodge: Dodged            |    43 |    58 ||   101
  Block: Buckler           |    25 |    24 ||    49
